AoeStats
← Nessy

MegaRandom

505396581Analyzed
3v3 RM · 24d ago on Sep 9, 2026· 34m 47s· 6 players
Game mode
Random Map
Map size
Normal (6 player)
Population
200
Speed
Normal
Resources
Standard
Victory
Conquest
Starting age
Dark Age
Ending age
Imperial Age
RankedLock teamsTeams togetherTeam positionsShared explorationLock speedFull tech treeHidden civsTurbo modeCheats
Victory
Defeat
🇨🇳 Muisca · China
1505
+14
🇬🇧 Cumans · United Kingdom
1450
+17
🇳🇿 Burmese · New Zealand
1440
+17
🇦🇺 Turks · Australia
1582
-21
🇦🇺 Celts · Australia
1442
-15
🇦🇺 Magyars · Australia
1370
-12
Nessy
6:52 Loom
7:42 Loom
10:24 Feudal Age
18:57 Double-Bit Axe
21:12 Castle Age
19:27 Fishing Lines
21:50 Scale Mail Armor
22:03 Forging
22:39 Pikeman
24:04 Chain Mail Armor
26:08 Fletching
26:55 Wheelbarrow
29:18 Bodkin Arrow
31:40 Gillnets
TDI
5:29 Loom
11:11 Feudal Age
12:15 Town Watch
15:24 Castle Age
13:37 Double-Bit Axe
14:02 Fletching
16:11 Bodkin Arrow
21:32 Fishing Lines
23:23 Ballistics
25:28 Bow Saw
27:15 Sipahi
27:33 Bloodlines
29:34 Padded Archer Armor
30:38 Leather Archer Armor
31:47 Gillnets
MCWest
8:19 Loom
10:53 Feudal Age
11:46 Double-Bit Axe
20:04 Fishing Lines
25:21 Castle Age
25:29 Pikeman
27:36 Bow Saw
32:23 Bloodlines
sneaky
5:13 Loom
9:51 Feudal Age
11:55 Double-Bit Axe
14:16 Horse Collar
24:26 Castle Age
23:03 Wheelbarrow
24:08 Gold Mining
24:29 Scale Barding Armor
24:34 Forging
26:05 Heavy Plow
28:54 Imperial Age
26:34 Fletching
27:16 Padded Archer Armor
28:16 Bow Saw
28:14 Heavy Plow
28:14 Bodkin Arrow
31:43 Leather Archer Armor
32:37 Chemistry
31:57 Ballistics
33:53 Bloodlines
Not Ben
5:06 Loom
11:03 Feudal Age
15:23 Castle Age
13:27 Horse Collar
15:53 Forging
17:23 Light Cavalry
19:14 Wheelbarrow
19:24 Scale Barding Armor
22:08 Bloodlines
27:38 Fletching
27:34 Elite Skirmisher
28:32 Padded Archer Armor
30:18 Ballistics
33:20 Heavy Plow
33:15 Gold Mining
33:16 Stone Mining
SSS111
6:06 Loom
10:33 Feudal Age
11:13 Double-Bit Axe
14:03 Town Watch
20:09 Castle Age
18:33 Fletching
19:28 Padded Archer Armor
20:59 Bodkin Arrow
22:22 Crossbowman
25:03 Leather Archer Armor
27:22 Bow Saw
26:53 Horse Collar
28:57 Ballistics
32:49 Wheelbarrow
34:53 Gold Mining
35:03 Heavy Plow
Connection lost

Rejoining the realm…

Still unreachable

The connection could not be restored.

Session expired

The server has moved on; the page needs a fresh start.